 Dungeon Crawl Stone Soup version 0.27.1-33-g824d729ab1 (webtiles) character file.

Game seed: 2275409031055181594

718 belegose the Skirmisher (level 8, -7/58 HPs)
             Began as a Djinni Warper on Dec 5, 2021.
             Was a Follower of Makhleb.
             Mangled by Menkaure (20 damage)
             ... on level 4 of the Dungeon.
             The game lasted 00:09:26 (4192 turns).

belegose the Skirmisher (Djinni Warper)             Turns: 4192, Time: 00:09:26

Health: -7/58      AC:  6    Str: 12    XL:     8   Next: 1%
Gold:   122        EV: 12    Int: 16    God:    Makhleb [*.....] SH:  0 Dex: 12

rFire    + + .     SeeInvis .   a - +0 falchion
rCold    x . .     Faith    .   (no shield)
rNeg     . . .     Spirit   .   i - +0 leather armour
rPois    ∞         Reflect  .   n - +0 helmet
rElec    .         Harm     .   (no cloak)
rCorr    .         Rampage  .   e - +1 pair of gloves
Will     .....                  (boots unavailable)
Stlth    +.........             (no amulet)
HPRegen  0.19/turn              (no ring)
MPRegen  0.00/turn              (no ring)

@: confused, ambrosia-drunk, flying
A: sickness immunity, fire resistance 2, cold vulnerability 1, float, innate
caster, hp casting, extra vitality 1
a: Renounce Religion


You were on level 4 of the Dungeon.
You worshipped Makhleb.
Makhleb was aware of your devotion.
You visited 1 branch of the dungeon, and saw 4 of its levels.

You collected 146 gold pieces.
You spent 24 gold pieces at shops.

Inventory:

Hand Weapons
 a - a +0 falchion (weapon)
 b - a +1 dagger of draining
Missiles
 d - 5 boomerangs of dispersal (quivered)
 f - a throwing net
Armour
 e - a +1 pair of gloves (worn)
 i - a +0 leather armour (worn)
 n - a +0 helmet (worn)
Scrolls
 c - 3 scrolls of blinking
 h - a scroll of magic mapping {unknown}
 j - 3 scrolls of enchant armour {unknown}
 l - 2 scrolls of teleportation {unknown}
 p - a scroll of summoning {unknown}
Potions
 g - a potion of resistance {unknown}
 m - 2 potions of curing
 o - a potion of invisibility {unknown}


   Skills:
 + Level 4.2 Fighting
 + Level 2.4 Long Blades
 - Level 0.7 Throwing
 - Level 1.0 Armour
 - Level 4.0 Dodging
 + Level 3.2 Stealth
 + Level 3.8 Spellcasting
 + Level 2.6 Invocations


You couldn't memorise any spells.
You knew the following spells:

 Your Spells              Type           Power      Damage    Failure   Level
a - Blink                 Tloc           N/A        N/A       7%          2
b - Lesser Beckoning      Tloc           7%         N/A       14%         3
c - Gell's Gravitas       Tloc           7%         N/A       14%         3
d - Teleport Other        Tloc           15%        N/A       14%         3
e - Manifold Assault      Tloc           15%        N/A       77%         5
f - Sting                 Tmut/Pois      60%        1d6       4%          1
g - Ensorcelled Hibernat  Hex/Ice        30%        N/A       7%          2
h - Summon Guardian Gole  Hex/Summ       15%        N/A       14%         3
Your spell library was empty.

Dungeon Overview and Level Annotations

Branches:
Dungeon (4/15)
 Temple: D:4-7

Altars:
Fedhas
Makhleb
Nemelex Xobeh
Okawaru
Xom
Zin

Shops:
D:2 ??

Annotations:
D:4 1 transporter, Menkaure


Innate Abilities, Weirdness & Mutations

You are immune to sickness and miasma.
You are immune to poison.
Your flesh is very heat resistant. (rF++)
You are vulnerable to cold. (rC-)
You float through the air rather than walking.
You learn spells naturally, not from books.
Your magical power is your life essence.
You have superior vitality. (+4 HP)


Message History

Menkaure, Prince of Dust comes into view.
Menkaure shouts!
Menkaure gestures wildly while chanting.
Menkaure seems to speed up.
Cast which spell? (? or * to list)
Okay, then.
a - a +0 falchion (weapon)
You hit Menkaure.
Menkaure is lightly damaged.
The angel recites a poem about keeping your body clean and pure.
Menkaure casts a spell at you.
You struggle to resist.
Okay, then.
You hit Menkaure.
Menkaure is moderately damaged.
Menkaure casts a spell at you.
You struggle to resist.
You hit Menkaure.
Menkaure is moderately damaged.
Menkaure barely misses you. Menkaure hits you.
You hit Menkaure but do no damage.
Menkaure is moderately damaged.
Menkaure barely misses you.
You riposte.
You hit Menkaure.
Menkaure is heavily damaged.
You hit Menkaure.
Menkaure is heavily damaged.
Menkaure hits you.
Menkaure calls on the powers of darkness!
Your body is wracked with pain!
You hit Menkaure.
Menkaure is severely damaged.
Menkaure hits you!
* * * LOW HITPOINT WARNING * * *
You are confused.
You feel invigorated. Menkaure hits you.
* * * LOW HITPOINT WARNING * * *
You closely miss Menkaure.
Menkaure is severely damaged.
Menkaure hits you!!
You die...

#..### #....: ####.###
## #####....... ...####
####.....##.#.. .......
##[.......##..#. .......
#............##.
......M##..#####......##
...[...@...#A..#.....#.#
.....?.##._#...#_....)..
....... #..#...#..<.>###
##...## #..#####...#.# #
#### #..........#.#
#####.......#.#)### .
###....##..###......#
...##≈≈.≈≈....##
#..#.#.#
.....§#'#≈§....#
#..#.#..


You could see an angel and Menkaure (fast).

Vanquished Creatures
  Pikel (D:4)
  A centaur skeleton (D:4)
  2 orc wizards
  A hound skeleton (D:4)
  Robin (D:3)
  3 gnolls (D:3)
  4 adders
  2 worms (D:2)
  A dart slug (D:2)
  6 orcs
  8 endoplasms
  2 giant cockroaches
  16 goblins
  8 hobgoblins
  6 jackals
  A quokka (D:2)
  2 ball pythons
  5 bats
  4 frilled lizards
  A jackal skeleton (D:4)
  6 kobolds
  10 rats
91 creatures vanquished.

Notes
Turn   | Place    | Note
-------+----------+-------------------------------------------
     0 | D:1      | belegose the Djinni Warper began the quest for the Orb.
     0 | D:1      | Reached XP level 1. HP: 18/18 MP: 0/0
    64 | D:1      | Found a faded altar of an unknown god.
   291 | D:1      | Reached XP level 2. HP: 14/23 MP: 0/0
  1062 | D:1      | Reached XP level 3. HP: 25/29 MP: 0/0
  1062 | D:1      | Learned a level 1 spell: Sting
  1254 | D:2      | Found Syuxzeog's Magic Scroll Shoppe.
  1258 | D:2      | Bought a scroll of identify for 24 gold pieces
  1269 | D:2      | Reached skill level 1 in Stealth
  1910 | D:2      | Found Uzod's Magic Scroll Shop.
  2131 | D:2      | Reached XP level 4. HP: 34/34 MP: 0/0
  2233 | D:2      | Found an iron altar of Okawaru.
  2579 | D:3      | Reached XP level 5. HP: 35/40 MP: 0/0
  2579 | D:3      | Learned a level 2 spell: Ensorcelled Hibernation
  2630 | D:3      | Found a blossoming altar of Fedhas.
  3476 | D:3      | Found a sparkling altar of Nemelex Xobeh.
  3561 | D:4      | Found a burning altar of Makhleb.
  3562 | D:4      | Noticed an angel
  3564 | D:4      | Became a worshipper of Makhleb the Destroyer
  3645 | D:4      | Found a shimmering altar of Xom.
  3657 | D:4      | Found a glowing silver altar of Zin.
  3669 | D:4      | Found a transporter.
  3687 | D:4      | Noticed Robin
  3729 | D:3      | Killed Robin
  3804 | D:3      | Reached XP level 6. HP: 46/46 MP: 0/0
  3880 | D:4      | Noticed Pikel
  3909 | D:4      | Killed Pikel
  3910 | D:4      | Reached XP level 7. HP: 49/52 MP: 0/0
  3910 | D:4      | Learned a level 3 spell: Summon Guardian Golem
  4066 | D:4      | Reached * piety under Makhleb
  4076 | D:4      | Reached XP level 8. HP: 58/58 MP: 0/0
  4182 | D:4      | Noticed Menkaure
  4192 | D:4      | Mangled by Menkaure

Illustrated notes

Levels and vault maps discovered:
D:1:      lightli_arrival_isolated_outpost, layout_loops_corners,
          dreamdust_ecumenical_altar_angels_and_demons, item_on_display_a
D:2:      layout_loops_ring, serial_shops, nicolae_shop_stone, shop_statue,
          basic_altar
D:3:      layout_basic, mainiacjoe_overflow_small_starburst,
          overflow_temple_1_default, skrybe_limestone_x
D:4:      gammafunk_cloud_chamber, layout_loops_cross,
          grunt_temple_overflow_order_and_chaos_1, kennysheep_mini_moat,
          uniq_menkaure, uniq_pikel, uniq_robin

Skill      XL: |  1  2  3  4  5  6  7 |
---------------+----------------------+-----
Long Blades    | 2 |  2.4
Stealth        | 1 2 3 |  3.2
Spellcasting   | 3 |  3.8
Fighting       | 3 4 |  4.2
Dodging        | 3 4 |  4.0
Invocations    | 2 |  2.6
Throwing       | |  0.7
Armour         | |  1.0

Action                   |  1- 3 |  4- 6 |  7- 9 || total
-------------------------+-------+-------+-------++-------
Melee: Falchion          |   115 |     2 |    16 ||   133
       Dagger            |    14 |   186 |    23 ||   223
  Use: Scroll            |       |     2 |       ||     2
       Potion            |       |       |     1 ||     1
 Stab: Sleeping          |     3 |     2 |     2 ||     7
Armor: Leather armour    |    45 |    47 |     9 ||   101
Dodge: Dodged            |    70 |   106 |    20 ||   196
       Rpst.: Falchion   |    24 |     1 |     4 ||    29
